 Dungeon Crawl Stone Soup version 0.21.0-3-g78d12a8bdd (webtiles) character file.

1752895 Yermak the Slayer (level 26, 199/262 (264) HPs)
             Began as a Hill Orc Transmuter on Jan 14, 2018.
             Was the Champion of Beogh.
             Escaped with the Orb
             ... and 3 runes!
             The game lasted 03:15:30 (59505 turns).

Yermak the Slayer (Hill Orc Transmuter)            Turns: 59505, Time: 03:15:31

HP:   199/262 (264) AC: 53    Str: 38      XL:     26   Next: 20%
MP:   47/47         EV: 11    Int: 18 (19) God:    Beogh [******]
Gold: 460           SH: 27    Dex:  6      Spells: 22/28 levels left

rFire    + + .     SeeInvis .   a - +9 broad axe of Kuocakef {venom, Str+5 Dex-5}
rCold    + + .     Gourm    .   F - +0 large shield of the Jackalope {rPois Str+4}
rNeg     + . .     Faith    .   p - +8 orange crystal plate armour {Archmagi, Int+3 Clar}
rPois    +         Spirit   .   j - +3 hat of Pondering {ponderous, MR+ MP+10 Int+5}
rElec    +         Reflect  .   d - scarf {rC+ rF+}
rCorr    .         Harm     .   W - +2 pair of gloves
MR       ++...     Clarity  +   q - +2 pair of boots
Stlth    ..........             r - amulet of regeneration
HPRegen  0.93/turn              f - ring "Neqoq" {rF+ rN+ AC+4 Int-2, =R}
MPRegen  0.30/turn              E - ring of Xom's Favour {*Corrode +Fly rElec MP+9 Str+4}

@: hasted, very quick
A: walk on water, hooves 1, icy blue scales 1, blink, cold resistance 1, low mp
1
0: Orb of Zot
}: 3/15 runes: decaying, silver, gossamer
a: Blink, Smiting, Recall Orcish Followers, Give Item to Named Follower,
Resurrection, Renounce Religion, Evoke Flight


You escaped.
You worshipped Beogh.
Beogh was exalted by your worship.
You were not hungry.

You visited 9 branches of the dungeon, and saw 47 of its levels.
You visited 1 bazaar.
You also visited: Trove and Ice Cave.

You collected 7435 gold pieces.
You spent 6975 gold pieces at shops.

Inventory:

Hand Weapons
 a - the +9 broad axe of Kuocakef (weapon) {venom, Str+5 Dex-5}
   (You bought it in a shop on level 4 of the Vaults)

   It poisons the flesh of those it strikes.
   It affects your strength (+5).
   It affects your dexterity (-5).
 b - a +9 broad axe of venom
Missiles
 Z - 15 throwing nets (quivered)
Armour
 d - a scarf of resistance (worn)
 j - the +3 hat of Pondering (worn) {ponderous, MR+ MP+10 Int+5}
   (You found it in an ice cave)

   It affects your intelligence (+5).
   It affects your resistance to hostile enchantments.
   It affects your magic capacity (+10).
 p - the +8 orange crystal plate armour (worn) {Archmagi, Int+3 Clar}
   (You took it off a tengu warrior on level 3 of the Depths)

   It affects your intelligence (+3).
   It protects you against confusion.
 q - a +2 pair of boots (worn)
 F - the +0 large shield of the Jackalope (worn) {rPois Str+4}
   (You found it in a treasure trove)

   It affects your strength (+4).
   It protects you from poison.
 W - a +2 pair of gloves (worn)
Jewellery
 e - a +6 ring of evasion
 f - the ring "Neqoq" (left hand) {rF+ rN+ AC+4 Int-2, =R}
   (You bought it in a shop on level 13 of the Dungeon)

   [ring of protection]

   It affects your AC (+4).
   It affects your intelligence (-2).
   It protects you from fire.
   It protects you from negative energy.
 n - the ring "Citzoyfu" {rPois rC++ MR+ Stlth+}
   (You found it on level 5 of the Vaults)

   [ring of protection from magic]

   It greatly protects you from cold.
   It protects you from poison.
   It affects your resistance to hostile enchantments.
   It makes you more stealthy.
 r - an amulet of regeneration (around neck)
 s - the ring "Icilug" {rPois rN+ Int+3 SInv}
   (You took it off a deep elf death mage on level 5 of the Vaults)

   [ring of see invisible]

   It affects your intelligence (+3).
   It protects you from poison.
   It protects you from negative energy.
   It lets you see invisible.
 v - the amulet of Godghari {Spirit MR+ Dex+4}
   (You found it on level 5 of the Dungeon)

   [amulet of guardian spirit]

   It causes incoming damage to be split between your health and magic.
   It affects your dexterity (+4).
   It affects your resistance to hostile enchantments.
 E - the ring of Xom's Favour (right hand) {*Corrode +Fly rElec MP+9 Str+4}
   (You found it in a treasure trove)

   [ring of magical power]

   It affects your strength (+4).
   It insulates you from electricity.
   It affects your magic capacity (+9).
   It lets you fly.
   It may corrode you when you take damage.
Wands
 A - a wand of acid (15)
 D - a wand of digging (41)
 I - a wand of iceblast (13)
 O - a wand of clouds (24)
 P - a wand of paralysis (14)
 S - a wand of scattershot (7)
 Y - a wand of enslavement (70)
Scrolls
 g - 4 scrolls of silence
 h - a scroll of holy word
 u - 15 scrolls of fog
 B - 4 scrolls of blinking
 C - 6 scrolls of enchant armour
 G - 10 scrolls of fear
 L - 4 scrolls of summoning
 N - 15 scrolls of remove curse
 R - 18 scrolls of identify
 T - 27 scrolls of teleportation
Potions
 c - 6 potions of invisibility
 i - 3 potions of agility
 k - a potion of resistance
 m - 8 potions of ambrosia
 x - 3 potions of cancellation
 y - 3 potions of mutation {!q}
 H - 3 potions of haste
 J - a potion of might
 K - 9 potions of heal wounds
 Q - 12 potions of curing
 V - 3 potions of berserk rage
Miscellaneous
 w - a lightning rod (4/4)
 U - 3 boxes of beasts
 X - a phial of floods
Comestibles
 z - 50 rations


   Skills:
 + Level 26.9 Fighting
 - Level 18.0 Axes
 - Level 22.0 Armour
 - Level 12.0 Dodging
 + Level 23.2 Shields
 - Level 3.2 Unarmed Combat
 - Level 1.5 Spellcasting
 - Level 1.3 Transmutations
 - Level 12.2 Invocations
 - Level 5.0 Evocations


You had 22 spell levels left.
You knew the following spells:

 Your Spells              Type           Power        Failure   Level  Hunger
a - Beastly Appendage     Tmut           #.....       58%         1    ##.....
d - Blink                 Tloc           N/A          89%         2    ###....
o - Apportation           Tloc           #.....       78%         1    ##.....
s - Sticks to Snakes      Tmut           #.......     73%         2    ###....


Dungeon Overview and Level Annotations

Branches:
Dungeon (15/15)            Temple (1/1) D:7            Lair (6/6) D:11
  Swamp (4/4) Lair:2       Spider (4/4) Lair:4        Slime (0/5) Lair:5
    Orc (2/2) D:10            Elf (0/3) Orc:2        Vaults (5/5) D:13
  Crypt (0/3) Vaults:2     Depths (5/5) D:15            Zot (5/5) Depths:5

Altars:
Ashenzari
Dithmenos
Elyvilon
Fedhas
Gozag
Hepliaklqana
Kikubaaqudgha
Makhleb
Nemelex Xobeh
Qazlal
Sif Muna
Vehumet
Wu Jian
Xom
Yredelemnul
Zin
The Shining One
Beogh

Shops:
D:4 }   D:7 !   D:13 =   D:14 %   Orc:2 *}?*   Vaults:2 %*!   Vaults:4 (
Depths:2 ![   Depths:4 *

Portals:
Hell: Depths:1 Depths:2 Depths:3 Depths:4 Depths:5
Abyss: Depths:3
Pandemonium: Depths:3
Ziggurat: Depths:5

Annotations:
D:7 todo, Principatus's ghost, journeyman GrEE
Depths:4 exclusion: 2 doors


Innate Abilities, Weirdness & Mutations

You can walk on water.
You have large cloven feet.
You are partially covered in icy blue scales. (AC +2)
You can translocate small distances at will.
Your flesh is cold resistant. (rC+)
Your magical capacity is low. (-10% MP)


Message History

Your orc goes into a battle-frenzy!
Morun is engulfed in blazing flames.
Unknown command.
You swap places.
Unknown command.
Your orc wizard hits the fire vortex with a dagger.
You hear a thunk.
Beogh accepts your kill.
You feel your intelligence returning.
You feel a bit more experienced.
Bogdan is engulfed in blazing flames.
Bogdan completely misses the fire vortex.
The fire vortex hits something.
The fire vortex burns something!
The fire vortex dissipates!
Orkrul goes into a battle-frenzy!
Unknown command.
Beogh accepts your kill.
You feel a bit more experienced.
There is an open door here.
There is a staircase leading out of the dungeon here.
You have escaped!

#####
#...########
#.8.##.....#
#...##..@..#
#...##.....#
#.≈.##o....#
#.≈..'.....#
#.≈.##.....#
#.≈.##.....#
###...##.....#
#.....########
#####
#.###.#####


You could see the friendly Orkrul the orc knight.

Vanquished Creatures
  3 ancient liches
  4 orbs of fire (Zot:5)
  Mennas (Vaults:4)
  Xtahua (Vaults:5)
  6 Killer Klowns (Zot:5)
  Bai Suzhen (Vaults:5)
  7 golden dragons
  2 electric golems (Zot:5)
  15 Orb Guardians (Zot:5)
  2 liches (Depths:3)
  3 quicksilver dragons
  8 tentacled monstrosities
  5 titans (Vaults:5)
  An Executioner (D:3)
  6 death cobs
  10 shadow dragons
  3 sphinxes
  7 storm dragons
  3 tengu reavers (Vaults:5)
  2 draconian monks
  2 draconian knights
  5 fire giants
  3 draconian scorchers
  4 ghost moths
  4 frost giants
  11 vault wardens
  An orc warlord (Vaults:5)
  A balrug (Depths:3)
  10 ironheart preservers
  3 draconian stormcallers
  5 draconian shifters
  7 stone giants
  4 draconian annihilators
  2 deep elf elementalists (Vaults:5)
  A war gargoyle (Vaults:4)
  2 entropy weavers
  8 green draconians
  3 very ugly things
  A stone giant (shapeshifter) (Vaults:5)
  4 deep elf demonologists
  2 purple draconians (Zot:5)
  5 black draconians
  A small abomination (Vaults:5)
  2 dire elephants (Lair:6)
  3 deep elf annihilators (Depths:4)
  8 red draconians
  8 white draconians
  3 yellow draconians
  A blizzard demon (Depths:3)
  2 spark wasps
  2 deep elf death magi (Vaults:5)
  7 fire dragons
  10 ettins
  9 ogre magi
  6 yaktaur captains
  3 rakshasas
  4 statues (Depths:4)
  Erolcha (Orc:1)
  A great orb of eyes (Depths:1)
  2 deep elf high priests
  28 vault guards
  3 spriggan air magi
  8 ice dragons
  18 hydras
  6 centaur warriors
  2 death knights
  2 ghost crabs
  An anaconda (Lair:6)
  A large abomination (Vaults:5)
  39 two-headed ogres
  4 deep troll shamans
  2 deep troll earth magi
  4 alligators
  3 death yaks (Lair:6)
  8 spriggan berserkers
  A dancing weapon (Vaults:5)
  A shock serpent (shapeshifter) (Depths:3)
  6 tengu warriors
  A soul eater (Depths:3)
  5 sun demons
  A fire crab (D:10)
  A storm dragon zombie (Vaults:4)
  A deep elf knight (Vaults:1)
  3 iron trolls
  A glowing orange brain (shapeshifter) (Vaults:5)
  2 spriggan druids
  8 swamp dragons
  An unseen horror (D:11)
  3 hell knights (Depths:3)
  2 quicksilver dragon simulacra (Depths:3)
  2 flayed ghosts
  13 deep trolls
  A deep elf archer (Vaults:4)
  2 glowing orange brains
  11 ironbrand convokers
  A wizard (Depths:4)
  2 shambling mangroves
  A harpy (Depths:2)
  An orange crystal statue (Depths:1)
  4 necromancers
  2 phantasmal warriors (Vaults:5)
  15 deep elf magi
  6 orc knights
  14 ugly things
  An orb spider (Spider:1)
  12 wolf spiders
  An orc sorcerer (Orc:2)
  An oklob plant (D:2)
  3 cyclopes
  A manticore (Depths:2)
  A salamander (shapeshifter) (Vaults:5)
  An elephant (Lair:6)
  5 rust devils (Depths:3)
  10 vault sentinels
  4 moths of wrath
  3 ice statues
  8 spiny frogs
  An eye of devastation (Lair:5)
  2 gargoyles (D:11)
  3 smoke demons
  A komodo dragon (Lair:6)
  3 orange demons
  9 rime drakes
  25 yaktaurs
  A komodo dragon (shapeshifter) (Depths:3)
  A demonic crawler (Spider:1)
  4 freezing wraiths
  A hellwing (Depths:4)
  9 ice devils
  6 trolls
  A red devil (D:13)
  A tengu conjurer (Depths:1)
  A harpy skeleton (D:10)
  A meliai (shapeshifter) (Depths:3)
  2 trolls (shapeshifter)
  A sphinx simulacrum (Vaults:1)
  2 polar bears
  5 jumping spiders
  10 hornets
  4 bog bodies
  13 slime creatures
  A tyrant leech (Swamp:3)
  7 blink frogs
  4 hippogriffs
  A dream sheep (Lair:6)
  A shadow (Swamp:1)
  32 redbacks
  3 spriggans
  9 tarantellas
  A tarantella (shapeshifter) (Vaults:5)
  3 air elementals
  13 yaks
  A basilisk (Lair:6)
  2 water elementals
  5 wraiths
  2 wyverns
  17 vampire mosquitoes
  A hungry ghost (D:14)
  3 steam dragons
  13 insubstantial wisps
  A warg (shapeshifter) (Vaults:2)
  15 swamp worms
  2 wargs
  A hell hound (Depths:2)
  17 water moccasins
  8 porcupines
  2 floating eyes
  8 orc warriors
  11 swamp drakes
  3 sky beasts
  3 black bears
  2 eyes of draining
  A hornet zombie (D:8)
  4 ice beasts
  A sky beast (shapeshifter) (Vaults:2)
  2 elf zombies (Vaults:4)
  2 wolves (Lair:6)
  2 ettin simulacra (Depths:3)
  3 phantoms
  43 ogres
  A boggart (Depths:4)
  21 centaurs
  4 crocodiles
  A human skeleton (Vaults:3)
  11 bullfrogs
  A scorpion (D:8)
  The ghost of kickasso the Shield-Bearer, a weakling MiFi (D:3)
  6 killer bees
  4 wights
  10 howler monkeys
  7 crimson imps
  4 centaur zombies
  2 draconian simulacra (IceCv)
  A human simulacrum (Vaults:1)
  4 jellies
  A quasit (D:11)
  10 hounds
  Crazy Yiuf (D:7)
  8 orc priests
  An iron imp (Orc:1)
  12 orc wizards
  A bullfrog skeleton (D:8)
  8 iguanas
  4 troll simulacra (IceCv)
  An iguana (shapeshifter) (Vaults:5)
  12 worker ants
  A spriggan simulacrum (IceCv)
  A hound skeleton (D:4)
  A hound zombie (D:5)
  A howler monkey skeleton (D:4)
  7 gnolls
  19 adders
  2 naga simulacra (IceCv)
  An ogre simulacrum (IceCv)
  6 shadow imps
  A white imp (Orc:1)
  2 adder skeletons
  An adder zombie (D:6)
  2 worms
  2 dart slugs
  9 leopard geckos
  21 orcs
  4 bats
  4 giant cockroaches
  9 goblins
  5 hobgoblins
  3 jackals
  12 kobolds
  7 quokkas
  3 ball pythons
  10 frilled lizards
  A giant cockroach zombie (D:5)
  A quokka skeleton (D:6)
  11 rats
  5 plants
1189 creatures vanquished.

Vanquished Creatures (collateral kills)
  An orb of fire (Zot:5)
  Margery (Depths:3)
  Frederick (Depths:4)
  A golden dragon (Depths:5)
  3 pandemonium lords
  A profane servitor (D:8)
  Arachne (Spider:2)
  3 tentacled monstrosities
  The ghost of SnubMonkey the Brawler, an adept TrMo of Cheibriados (Spider:2)
  2 liches
  10 Orb Guardians
  3 titans
  7 sphinxes
  A storm dragon (Depths:2)
  A draconian monk (Depths:5)
  3 shadow dragons
  2 tengu reavers (Vaults:5)
  A thorn hunter (Swamp:4)
  Roxanne (Spider:3)
  2 fire giants
  2 iron dragons
  3 frost giants
  6 vault wardens
  A draconian knight (Depths:5)
  A deep elf sorcerer (Vaults:1)
  7 emperor scorpions
  8 ironheart preservers
  3 draconian annihilators
  A deep elf elementalist (Vaults:5)
  A war gargoyle (Depths:3)
  2 entropy weavers (Spider:2)
  2 spriggan defenders (Depths:3)
  9 stone giants
  3 very ugly things
  2 vampire knights
  A deep elf demonologist (Depths:3)
  4 deep elf annihilators
  A purple draconian (Depths:5)
  3 spark wasps
  4 dire elephants (Lair:6)
  A white draconian (Depths:5)
  5 ettins
  4 statues (Depths:4)
  3 deep elf death magi
  A merfolk impaler (Depths:4)
  9 fire dragons
  A great orb of eyes (Depths:4)
  4 deep elf high priests
  9 yaktaur captains
  Josephine (D:11)
  3 ice dragons
  Harold (Lair:2)
  6 vault guards
  15 hydras
  6 spriggan air magi
  2 rakshasas (Depths:1)
  4 centaur warriors
  4 alligators
  37 two-headed ogres
  A death knight (Vaults:4)
  A queen ant (shapeshifter) (Vaults:3)
  7 deep troll earth magi
  8 tengu warriors
  Urug (D:14)
  7 spriggan berserkers
  2 death yaks (Lair:6)
  11 ogre magi
  A vampire mage (Depths:1)
  4 deep troll shamans
  An orc high priest (Orc:2)
  2 soul eaters (Depths:3)
  3 deep elf knights
  4 sun demons
  A sixfirhy (Depths:5)
  3 hell knights
  4 glowing orange brains
  4 skeletal warriors
  2 shadow wraiths
  2 swamp dragons
  3 iron trolls
  26 deep trolls
  A flayed ghost (Vaults:4)
  6 deep elf archers
  6 ironbrand convokers
  7 orc knights
  3 phantasmal warriors
  3 necromancers
  2 harpies (Depths:2)
  15 orb spiders
  22 ugly things
  6 deep elf magi
  A manticore (D:14)
  An oklob plant (Lair:5)
  17 wolf spiders
  2 human zombies
  3 cyclopes
  2 orc sorcerers (Orc:2)
  A fire giant zombie (Depths:3)
  A salamander (shapeshifter) (D:14)
  A stone giant zombie (Vaults:3)
  A toenail golem (Zot:5)
  A moth of wrath (Spider:3)
  9 elephants
  A fire giant skeleton (Depths:3)
  A black mamba (Lair:6)
  3 rust devils (Depths:3)
  2 centaur zombies
  8 vault sentinels
  A centaur skeleton (D:14)
  A gargoyle (D:11)
  An orange demon (D:1)
  9 spiny frogs
  An efreet (Depths:3)
  7 freezing wraiths
  3 komodo dragons
  7 rime drakes
  11 demonic crawlers
  A kobold demonologist (D:11)
  19 yaktaurs
  A tengu conjurer (Depths:3)
  4 red devils
  A tyrant leech (Swamp:4)
  A guardian mummy (Vaults:2)
  3 meliai (Spider:4)
  A jumping spider (shapeshifter) (D:11)
  A troll (D:14)
  A tengu simulacrum (Depths:3)
  A meliai (shapeshifter) (Vaults:4)
  A polar bear (Lair:5)
  24 jumping spiders
  7 hornets
  12 blink frogs
  8 slime creatures
  2 hippogriffs
  5 dream sheep (Lair:6)
  A flying skull (Depths:3)
  2 spriggans
  5 yaks
  49 redbacks
  6 air elementals
  3 shadows
  3 wyverns
  3 water elementals (Depths:4)
  7 wraiths
  14 tarantellas
  9 steam dragons
  A neqoxec (Zot:5)
  5 basilisks
  2 hungry ghosts
  7 vampire mosquitoes
  3 insubstantial wisps
  3 swamp worms
  4 wargs
  2 acid dragons
  16 water moccasins
  3 porcupines
  5 hell hounds
  10 orc warriors
  2 swamp drakes
  An ice beast (D:12)
  3 ettin simulacra (Depths:3)
  15 ogres
  4 boggarts (Depths:4)
  2 wolves (Lair:6)
  9 centaurs
  An eye of draining (D:12)
  10 crocodiles
  2 big kobolds
  5 bullfrogs
  A human skeleton (Vaults:4)
  A scorpion (D:11)
  2 electric eels (Spider:1)
  A crimson imp (D:15)
  A hound (D:10)
  A quasit (D:12)
  2 jellies
  7 orc priests
  9 orc wizards
  7 adders
  2 shadow imps (D:14)
  A white imp (Depths:5)
  13 orcs
  A jackal (D:11)
  2 quokkas (D:12)
  A kobold (D:13)
  2 bushes (Lair:6)
  2 fire vortices (D:1)
  17 fungi
  10 plants
884 creatures vanquished.

Vanquished Creatures (others)
  6 orc warlords
  2 alligators (Swamp:2)
  A spriggan air mage (Depths:3)
  10 orc knights
  3 spriggan berserkers
  7 orc high priests
  A deep elf mage (Vaults:2)
  4 orc sorcerers
  4 moths of wrath (Zot:5)
  A freezing wraith (Vaults:2)
  5 dream sheep (D:14)
  33 orc warriors
  22 orc wizards
  An ogre (Vaults:1)
  19 orc priests
  A crimson imp (D:6)
  62 orcs
  7 fire vortices (D:1)
  9 fungi
  3 plants
201 creatures vanquished.

Grand Total: 2274 creatures vanquished

Notes
Turn   | Place    | Note
-------+----------+-------------------------------------------
     0 | D:1      | Yermak the Hill Orc Transmuter began the quest for the Orb.
     0 | D:1      | Reached XP level 1. HP: 16/16 MP: 3/3
   123 | D:1      | Reached skill level 2 in Fighting
   166 | D:1      | Reached XP level 2. HP: 25/25 MP: 2/4
   334 | D:1      | Reached skill level 3 in Fighting
   487 | D:1      | Reached XP level 3. HP: 31/31 MP: 5/5
   797 | D:1      | Learned a level 2 spell: Sticks to Snakes
  1024 | D:2      | Reached skill level 4 in Fighting
  1282 | D:2      | Found a sparkling altar of Nemelex Xobeh.
  1426 | D:2      | Found a shimmering altar of Xom.
  1426 | D:2      | Found a burning altar of Makhleb.
  1555 | D:2      | Reached XP level 4. HP: 36/41 MP: 6/6
  1618 | D:2      | Found a blossoming altar of Fedhas.
  1639 | D:2      | Noticed an oklob plant
  2273 | D:3      | Reached skill level 5 in Fighting
  2456 | D:3      | Reached XP level 5. HP: 35/50 MP: 3/7
  2579 | D:3      | Noticed kickasso's ghost (weakling MiFi)
  2737 | D:3      | Reached skill level 6 in Fighting
  2830 | D:3      | Reached skill level 1 in Axes
  3409 | D:4      | You fall through a shaft for 2 floors!
  3410 | D:6      | Became a worshipper of Beogh the Brigand
  3420 | D:5      | Entered Level 5 of the Dungeon
  3432 | D:4      | Reached skill level 3 in Axes
  3432 | D:4      | Reached XP level 6. HP: 51/57 MP: 8/8
  3789 | D:4      | Found Latakun's Gadget Boutique.
  3796 | D:4      | Bought a wand of iceblast (7) for 132 gold pieces
  3837 | D:4      | Reached skill level 6 in Axes
  3844 | D:4      | Reached XP level 7. HP: 53/63 MP: 9/9
  3845 | D:4      | Found a radiant altar of Vehumet.
  3977 | D:4      | Reached * piety under Beogh
  4224 | D:4      | Found an opulent altar of Gozag.
  4684 | D:5      | Found a white marble altar of Elyvilon.
  4788 | D:5      | You fall through a shaft for 2 floors!
  4831 | D:7      | Reached skill level 1 in Armour
  4845 | D:7      | Reached skill level 9 in Axes
  4845 | D:7      | Reached XP level 8. HP: 55/70 MP: 10/10
  5066 | D:5      | Got an ancient crystal amulet
  5067 | D:5      | Identified the amulet of Godghari {Spirit MR+ Dex+4} (You found it on level 5 of the Dungeon)
  5155 | D:5      | Reached ** piety under Beogh
  5712 | D:6      | Reached skill level 7 in Fighting
  5832 | D:6      | Reached XP level 9. HP: 73/79 MP: 9/11
  5933 | D:6      | Reached skill level 8 in Fighting
  6202 | D:3      | Killed kickasso's ghost
  6310 | D:2      | Killed an oklob plant
  6310 | D:2      | Reached skill level 12 in Axes
  6489 | D:7      | Reached *** piety under Beogh
  6524 | D:7      | Found Jasoggod's Distillery.
  6529 | D:7      | Bought a potion of curing for 45 gold pieces
  6529 | D:7      | Bought a potion of invisibility for 120 gold pieces
  6529 | D:7      | Bought a potion of degeneration for 15 gold pieces
  6529 | D:7      | Bought a potion of flight for 45 gold pieces
  6642 | D:7      | Found a stormy altar of Qazlal.
  6644 | D:7      | Noticed Principatus's ghost (journeyman GrEE)
  6727 | D:8      | Noticed a two-headed ogre
  6749 | D:8      | Killed a two-headed ogre
  6749 | D:8      | Reached skill level 9 in Fighting
  6749 | D:8      | Reached XP level 10. HP: 91/91 MP: 8/12
  6888 | D:8      | Reached skill level 3 in Armour
  7270 | D:8      | Found a hazy altar of Hepliaklqana.
  7318 | D:8      | Noticed a two-headed ogre
  7473 | D:9      | Noticed a four-headed hydra
  7657 | D:8      | Found an ancient bone altar of Kikubaaqudgha.
  8154 | D:7      | Reached skill level 10 in Fighting
  8548 | D:9      | Found a shattered altar of Ashenzari.
  8616 | D:9      | Reached skill level 1 in Shields
  8666 | D:9      | Killed a four-headed hydra
  8666 | D:9      | Reached skill level 3 in Shields
  8692 | D:9      | Noticed a two-headed ogre
  9076 | D:8      | Killed a two-headed ogre
  9076 | D:8      | Reached skill level 15 in Axes
  9271 | D:9      | Found an ornate altar of the Wu Jian Council.
  9606 | D:9      | Killed a two-headed ogre
  9606 | D:9      | Reached XP level 11. HP: 88/99 MP: 8/13
 10028 | D:10     | Entered Level 10 of the Dungeon
 10174 | D:10     | Reached skill level 6 in Shields
 10253 | D:10     | Reached **** piety under Beogh
 10326 | D:10     | Noticed Snorg
 10328 | D:10     | Noticed Snorg
 10328 | D:10     | Snorg changed into Snorg the fire crab
 10379 | D:10     | Noticed a two-headed ogre
 10412 | D:9      | Killed a two-headed ogre
 10543 | D:10     | Killed Snorg the fire crab
 10785 | D:10     | Found a glowing silver altar of Zin.
 11063 | D:10     | Found a staircase to the Orcish Mines.
 11077 | D:10     | Found a roughly hewn altar of Beogh.
 11606 | D:7      | Found a glowing golden altar of the Shining One.
 11608 | D:7      | Noticed an angel
 11619 | D:7      | Found a basalt altar of Yredelemnul.
 11621 | D:7      | Noticed a profane servitor
 11630 | D:7      | Found a staircase to the Ecumenical Temple.
 11727 | D:7      | Found a runed door.
 11731 | D:7      | Noticed Crazy Yiuf
 11740 | D:7      | Killed Crazy Yiuf
 11984 | Temple   | Entered the Ecumenical Temple
 12640 | D:4      | Bought a wand of acid (6) for 240 gold pieces
 13200 | D:11     | Noticed a sixfirhy
 13310 | D:11     | Noticed a cyclops
 13313 | D:11     | Reached skill level 11 in Fighting
 13329 | D:11     | Killed a cyclops
 13585 | D:11     | Found a shadowy altar of Dithmenos.
 13595 | D:11     | Noticed a cyclops
 13602 | D:11     | Killed a cyclops
 13602 | D:11     | Reached skill level 1 in Invocations
 13804 | D:11     | Found a staircase to the Lair.
 13804 | D:11     | Noticed Josephine
 13814 | D:11     | Killed Josephine
 13814 | D:11     | Reached skill level 3 in Invocations
 13818 | D:11     | Reached XP level 12. HP: 100/109 MP: 8/14
 13968 | D:11     | Learned a level 1 spell: Apportation
 14314 | D:12     | Reached skill level 9 in Shields
 14582 | D:12     | Gained Dorog as an ally
 14687 | D:12     | Noticed a fire dragon
 14695 | D:12     | Killed a fire dragon
 14695 | D:12     | Reached skill level 12 in Fighting
 14702 | D:12     | Reached ***** piety under Beogh
 15524 | D:12     | Noticed a seven-headed hydra
 15530 | D:12     | Killed a nine-headed hydra
 15736 | Lair:1   | Entered Level 1 of the Lair of Beasts
 15755 | Lair:1   | Noticed a four-headed hydra
 15766 | Lair:1   | Killed a four-headed hydra
 17013 | Lair:2   | Got a twisted whip
 17014 | Lair:2   | Identified the +5 whip "Midoq" {elec, rElec Str+5 Int+2} (You found it on level 2 of the Lair of Beasts)
 17113 | Lair:2   | Found a staircase to the Swamp.
 17125 | Lair:2   | Reached skill level 13 in Fighting
 17266 | Lair:2   | Reached skill level 6 in Armour
 17359 | Lair:2   | Noticed Harold
 17370 | Lair:2   | Killed Harold
 17567 | Lair:2   | Reached XP level 13. HP: 86/120 MP: 14/16
 17918 | Lair:3   | Found a frozen archway.
 17947 | IceCv    | Entered an ice cave
 18739 | IceCv    | Reached ****** piety under Beogh
 18781 | IceCv    | Found the +3 hat of Pondering {ponderous, MR+ MP+10 Int+5}
 18808 | IceCv    | Got a slimy buckler
 18967 | Lair:3   | Identified the +1 buckler of Happiness {rPois Dex+2} (You found it in an ice cave)
 19617 | Lair:4   | Reached skill level 14 in Fighting
 19692 | Lair:4   | Gained Learuk as an ally
 19709 | Lair:4   | Noticed a fire dragon
 19716 | Lair:4   | Your ally Learuk died
 19717 | Lair:4   | Killed a fire dragon
 19719 | Lair:4   | Reached skill level 12 in Shields
 20443 | Lair:4   | Found a hole to the Spider Nest.
 20656 | Lair:5   | Gained Bogbarth as an ally
 20921 | Lair:5   | Found a staircase to the Slime Pits.
 20955 | Lair:5   | Reached skill level 15 in Fighting
 21340 | Lair:6   | Entered Level 6 of the Lair of Beasts
 21508 | Lair:6   | Reached XP level 14. HP: 123/133 MP: 17/17
 22374 | Lair:6   | Noticed a dire elephant
 22379 | Lair:6   | Killed a dire elephant
 22421 | Lair:6   | Noticed a dire elephant
 22422 | Lair:6   | Noticed a dire elephant
 22427 | Lair:6   | Killed a dire elephant
 22431 | Lair:6   | Killed a dire elephant
 22431 | Lair:6   | Reached skill level 15 in Shields
 22439 | Lair:6   | Noticed a dire elephant
 22450 | Lair:6   | Killed a dire elephant
 22531 | Lair:6   | Noticed a dire elephant
 22531 | Lair:6   | Noticed a dire elephant
 22539 | Lair:6   | Killed a dire elephant
 22545 | Lair:6   | Killed a dire elephant
 22869 | D:13     | Found Huakupt's Jewellery Emporium.
 23286 | D:13     | Reached skill level 3 in Dodging
 23320 | D:13     | Found a gate to the Vaults.
 23574 | D:14     | Found Ciela's Food Shop.
 23638 | D:14     | Reached skill level 9 in Armour
 23797 | D:14     | Found a shimmering altar of Xom.
 23914 | D:14     | Noticed Urug
 23964 | D:14     | Killed Urug
 24261 | D:15     | Entered Level 15 of the Dungeon
 24329 | D:15     | Reached XP level 15. HP: 105/141 MP: 18/18
 24737 | D:15     | Gained Korbok as an ally
 24737 | D:15     | Reached skill level 16 in Fighting
 25252 | D:15     | Found a staircase to the Depths.
 25706 | Orc:1    | Entered Level 1 of the Orcish Mines
 25775 | Orc:1    | Gained Ognian as an ally
 25819 | Orc:1    | Noticed Erolcha
 25827 | Orc:1    | Killed Erolcha
 26094 | Orc:2    | Entered Level 2 of the Orcish Mines
 26204 | Orc:1    | Learned a level 2 spell: Blink
 26707 | Orc:2    | Found a staircase to the Elven Halls.
 27183 | Orc:2    | Gained Beowulf as an ally
 27196 | Orc:2    | Reached skill level 6 in Dodging
 27239 | Orc:2    | Found Hiruekk's General Store.
 27239 | Orc:2    | Found Harasuit's Magic Scroll Emporium.
 27240 | Orc:2    | Found Zoipn's Gadget Shop.
 27240 | Orc:2    | Found Bonnaigu's Assorted Antiques.
 27520 | Orc:2    | Bought a scroll labeled TIFOCL EPIFE for 31 gold pieces
 27860 | D:11     | Found a runed door.
 27862 | D:11     | Found a runed door.
 27964 | D:11     | Found a blossoming altar of Fedhas.
 28392 | D:11     | Identified the amulet of Esuybocs {Inacc Int+7 Stlth+} (You found it on level 11 of the Dungeon)
 28977 | Lair:6   | Got a pitted jade ring
 28979 | Lair:6   | Identified the cursed ring "Pucaax" {rPois rF+ rC+++ Str-2 Dex-3} (You found it on level 6 of the Lair of Beasts)
 29062 | Spider:1 | Entered Level 1 of the Spider Nest
 29176 | Spider:1 | Gained Oruk as an ally
 29339 | Spider:1 | Reached skill level 17 in Fighting
 29521 | Spider:1 | Reached skill level 1 in Evocations
 29777 | Spider:2 | Reached XP level 16. HP: 152/153 MP: 19/19
 29939 | Spider:2 | Noticed SnubMonkey's ghost (adept TrMo)
 29947 | Spider:2 | Noticed Arachne
 29948 | Spider:2 | Killed SnubMonkey's ghost
 29955 | Spider:2 | Killed Arachne
 29955 | Spider:2 | Gained Bogric as an ally
 29955 | Spider:2 | Reached skill level 12 in Armour
 30181 | Spider:2 | Reached skill level 3 in Evocations
 32797 | Spider:3 | Noticed Roxanne
 32813 | Spider:3 | Killed Roxanne
 33143 | Spider:3 | Identified a scroll of acquirement
 33145 | Spider:3 | Identified the +1 broad axe of the Philosopher {chop, *Corrode MR+ Int+3} (You acquired it on level 3 of the Spider Nest)
 33357 | Spider:4 | Entered Level 4 of the Spider Nest
 33494 | Spider:4 | Gained Wargath as an ally
 34037 | Spider:4 | Reached skill level 18 in Fighting
 34629 | Spider:4 | Got a gossamer rune of Zot
 35287 | Swamp:1  | Entered Level 1 of the Swamp
 35313 | Lair:2   | Reached XP level 17. HP: 103/163 MP: 18/20
 35642 | Swamp:1  | Gained Marbork as an ally
 35867 | Swamp:1  | Gained Wargath as an ally
 36859 | Swamp:2  | Reached skill level 18 in Axes
 37923 | Swamp:4  | Entered Level 4 of the Swamp
 37926 | Swamp:4  | Reached skill level 9 in Dodging
 38244 | Swamp:4  | Your ally Wargath died
 39064 | Swamp:4  | Got a decaying rune of Zot
 39424 | D:13     | Bought the ring "Neqoq" {rF+ rN+ AC+4 Int-2} for 700 gold pieces
 39484 | Vaults:1 | Entered Level 1 of the Vaults
 39651 | Vaults:1 | Reached XP level 18. HP: 138/173 MP: 21/21
 40388 | Vaults:1 | Reached skill level 15 in Armour
 40576 | Vaults:1 | Reached skill level 19 in Fighting
 41095 | Vaults:1 | Gained Orgrim as an ally
 41286 | Vaults:2 | Found a flickering gateway to a bazaar.
 41293 | Bazaar   | Entered a bazaar
 41301 | Bazaar   | Found Eruog's Gadget Shop.
 41314 | Bazaar   | Found Cykhlemme's Antique Armour Shop.
 41322 | Bazaar   | Bought a pair of runed gloves for 225 gold pieces
 41345 | Bazaar   | Bought an aquamarine-encrusted chain mail for 285 gold pieces
 41345 | Bazaar   | Identified the +5 chain mail "Nupluevu" {+Fly rN++ Dex+4} (You bought it in a shop in a bazaar)
 41381 | Bazaar   | Bought a wand of clouds (3) for 189 gold pieces
 41493 | Vaults:2 | Found the +8 glaive of the Guard {elec, +Rage AC+5 SInv}
 41918 | Vaults:2 | Reached XP level 19. HP: 140/183 MP: 22/22
 42103 | Vaults:2 | Found a portal to a secret trove of treasure.
 42357 | Vaults:2 | Found a staircase to the Crypt.
 42560 | Vaults:2 | Found Nejonn's General Store.
 42736 | Vaults:2 | Found Gutwej's Distillery.
 42739 | Vaults:2 | Bought 2 potions of curing for 72 gold pieces
 42739 | Vaults:2 | Bought a potion of heal wounds for 60 gold pieces
 42739 | Vaults:2 | Bought a potion of heal wounds for 60 gold pieces
 42806 | Vaults:2 | Found Jiegibb's Food Emporium.
 42820 | Vaults:2 | Identified the +8 spear "Faibemudu" {pierce, rC+ MR+ Int+2} (You found it on level 2 of the Vaults)
 43329 | D:7      | Bought 2 potions of curing for 90 gold pieces
 43329 | D:7      | Bought a potion of curing for 45 gold pieces
 43329 | D:7      | Bought a potion of curing for 45 gold pieces
 43566 | Vaults:2 | You paid a toll of 17 potions of curing to enter a treasure trove
 43567 | Trove    | Entered a treasure trove
 43579 | Trove    | Got a coiled copper amulet
 43583 | Trove    | Got an ancient amber ring
 43585 | Trove    | Got a pitted large shield
 43591 | Trove    | Got a sparkling platinum ring
 43624 | Vaults:2 | Identified the +0 large shield of the Jackalope {rPois Str+4} (You found it in a treasure trove)
 43625 | Vaults:2 | Identified the ring of Xom's Favour {*Corrode +Fly rElec MP+9 Str+4} (You found it in a treasure trove)
 43627 | Vaults:2 | Identified the ring of Xomeiky {Wiz *Corrode rC++ Int+7} (You found it in a treasure trove)
 43629 | Vaults:2 | Identified the amulet "Wudoym" {Harm *Drain rC++ Dex+4} (You found it in a treasure trove)
 43703 | Vaults:3 | Reached skill level 20 in Fighting
 43829 | Vaults:3 | Gained Boderik as an ally
 44652 | Vaults:4 | Your ally Korbok died
 44696 | Vaults:4 | Your ally Bogric died
 44702 | Vaults:4 | Your ally Learuk died
 44787 | Vaults:4 | Gained Olfrun as an ally
 44855 | Vaults:4 | Gained Morun as an ally
 44865 | Vaults:4 | Your ally Olfrun died
 44872 | Vaults:4 | Your ally Ognian died
 44877 | Vaults:4 | Your ally Oruk died
 45581 | Vaults:4 | Reached XP level 20. HP: 177/195 MP: 23/23
 45690 | Vaults:4 | Found Yteq's Antique Weapon Emporium.
 45698 | Vaults:4 | Bought a faintly glowing broad axe for 342 gold pieces
 45698 | Vaults:4 | Identified the +9 broad axe of Kuocakef {venom, Str+5 Dex-5} (You bought it in a shop on level 4 of the Vaults)
 45700 | Vaults:4 | Identified the +1 large shield of Qahoraot {rElec rCorr Str-3} (You acquired it on level 4 of the Vaults)
 45780 | Vaults:4 | Noticed Mennas
 45809 | Vaults:4 | Killed Mennas
 45867 | Vaults:4 | Your ally Marbork died
 46502 | Depths:1 | Entered Level 1 of the Depths
 46513 | Depths:1 | Reached skill level 21 in Fighting
 46569 | Depths:1 | Found a basalt altar of Yredelemnul.
 46743 | Depths:1 | Found a gateway to Hell.
 47458 | Depths:2 | Reached skill level 18 in Armour
 48087 | Depths:2 | Found Vori's Armour Shoppe.
 48087 | Depths:2 | Found Faskaloi's Distillery.
 48292 | Depths:4 | Reached XP level 21. HP: 203/206 MP: 24/24
 48327 | Depths:4 | Your ally Beowulf died
 48327 | Depths:4 | Your ally Wargath died
 48358 | Depths:4 | Gained Bogrim as an ally
 48819 | Depths:4 | Reached skill level 22 in Fighting
 49052 | Depths:4 | Identified Moet's Almanac of Fiery Conjuration
 49083 | Depths:4 | Found a radiant altar of Vehumet.
 49083 | Depths:4 | Noticed Frederick
 49091 | Depths:4 | Killed Frederick
 49149 | Depths:4 | Identified Ysusis's Grimoire of Fire and Execration
 49448 | Depths:4 | Found Offiwod's Assorted Antiques.
 49456 | Depths:4 | Bought an onyx ring for 205 gold pieces
 49585 | Depths:5 | Entered Level 5 of the Depths
 49760 | Depths:5 | Reached skill level 18 in Shields
 49968 | Depths:5 | Found a gateway to a ziggurat.
 50297 | Depths:5 | Found a gate to the Realm of Zot.
 50300 | Depths:5 | Noticed a golden dragon
 50302 | Depths:5 | Noticed a golden dragon
 50312 | Depths:5 | Killed a golden dragon
 50314 | Depths:5 | Killed a golden dragon
 50703 | Depths:3 | Paralysed by a floating eye for 4 turns
 50746 | Depths:3 | Found a stormy altar of Qazlal.
 50756 | Depths:3 | Reached XP level 22. HP: 153/217 MP: 25/25
 50757 | Depths:3 | Found a one-way gate to the infinite horrors of the Abyss.
 51030 | Depths:3 | Found a deep blue altar of Sif Muna.
 51030 | Depths:3 | Found a one-way gate leading to the halls of Pandemonium.
 51258 | Depths:3 | Gained Borgoth as an ally
 51267 | Depths:3 | Found an ancient bone altar of Kikubaaqudgha.
 51375 | Depths:3 | Noticed Margery
 51379 | Depths:3 | Found a burning altar of Makhleb.
 51384 | Depths:3 | Killed Margery
 51576 | Depths:3 | Reached skill level 23 in Fighting
 51844 | Depths:3 | Noticed a golden dragon
 51876 | Depths:3 | Your ally Borgoth died
 52230 | Depths:3 | Killed a golden dragon
 53097 | Vaults:5 | Entered Level 5 of the Vaults
 53699 | Vaults:5 | Reached XP level 23. HP: 169/228 MP: 25/26
 53742 | Vaults:5 | Gained Arbolt as an ally
 53982 | Vaults:5 | Noticed a golden dragon
 53994 | Vaults:5 | Killed a golden dragon
 54267 | Vaults:5 | Reached skill level 24 in Fighting
 54438 | Vaults:5 | Noticed a golden dragon
 54447 | Vaults:5 | Killed a golden dragon
 54454 | Vaults:5 | Noticed Xtahua
 54458 | Vaults:5 | Reached skill level 21 in Armour
 54462 | Vaults:5 | Your ally Arbolt died
 54472 | Vaults:5 | Killed Xtahua
 54474 | Vaults:5 | Noticed an ancient lich
 54474 | Vaults:5 | Gained Berold as an ally
 54484 | Vaults:5 | Noticed a golden dragon
 54498 | Vaults:5 | Your ally Berold died
 54507 | Vaults:5 | Killed a golden dragon
 54507 | Vaults:5 | Gained Bogdan as an ally
 54925 | Vaults:5 | Got a shimmering marble ring
 55014 | Vaults:5 | Noticed Bai Suzhen
 55017 | Vaults:5 | Noticed a golden dragon
 55030 | Vaults:5 | Killed Bai Suzhen
 55030 | Vaults:5 | Reached XP level 24. HP: 228/240 MP: 26/26
 55324 | Vaults:5 | Killed an ancient lich
 55467 | Vaults:5 | Got a silver rune of Zot
 55487 | Vaults:5 | Got a transparent marble ring
 55505 | Vaults:5 | Identified the ring "Citzoyfu" {rPois rC++ MR+ Stlth+} (You found it on level 5 of the Vaults)
 55506 | Vaults:5 | Identified the ring "Icilug" {rPois rN+ Int+3 SInv} (You took it off a deep elf death mage on level 5 of the Vaults)
 55543 | Vaults:5 | Identified the +7 plate armour of Protective Custody {rC+} (You took it off a vault guard on level 5 of the Vaults)
 56011 | Vaults:2 | Bought a scroll of teleportation for 36 gold pieces
 56011 | Vaults:2 | Bought a scroll of identify for 24 gold pieces
 56076 | Vaults:2 | Bought a potion of berserk rage for 60 gold pieces
 56076 | Vaults:2 | Bought a potion of brilliance for 48 gold pieces
 56076 | Vaults:2 | Bought a potion of magic for 96 gold pieces
 56365 | Orc:2    | Bought a scroll of teleportation for 39 gold pieces
 56365 | Orc:2    | Bought a scroll of identify for 26 gold pieces
 56365 | Orc:2    | Bought a scroll of magic mapping for 45 gold pieces
 56365 | Orc:2    | Bought a scroll of fog for 26 gold pieces
 56365 | Orc:2    | Bought a scroll of silence for 97 gold pieces
 56365 | Orc:2    | Bought a scroll of identify for 26 gold pieces
 56365 | Orc:2    | Bought a scroll of fear for 45 gold pieces
 56365 | Orc:2    | Bought a scroll of identify for 26 gold pieces
 56367 | Orc:2    | Bought a potion of curing for 93 gold pieces
 56367 | Orc:2    | Bought a wand of digging (20) for 248 gold pieces
 56367 | Orc:2    | Bought a potion of invisibility for 248 gold pieces
 56367 | Orc:2    | Bought a scroll of identify for 62 gold pieces
 56367 | Orc:2    | Bought a ring of evasion for 62 gold pieces
 56386 | Orc:2    | Bought a scroll of teleportation for 51 gold pieces
 56386 | Orc:2    | Bought a wand of iceblast (8) for 204 gold pieces
 56386 | Orc:2    | Bought 2 potions of invisibility for 272 gold pieces
 56386 | Orc:2    | Bought a scroll of fog for 34 gold pieces
 56388 | Orc:2    | Bought a wand of clouds (6) for 480 gold pieces
 56543 | D:13     | Bought a +6 ring of evasion for 1092 gold pieces
 56625 | Depths:2 | Bought a potion of haste for 190 gold pieces
 56625 | Depths:2 | Bought 2 potions of curing for 114 gold pieces
 56625 | Depths:2 | Bought a potion of curing for 57 gold pieces
 56625 | Depths:2 | Bought a potion of agility for 76 gold pieces
 56625 | Depths:2 | Bought a potion of curing for 57 gold pieces
 56625 | Depths:2 | Bought a potion of heal wounds for 95 gold pieces
 56715 | Zot:1    | Entered Level 1 of the Realm of Zot
 56785 | Zot:2    | Reached skill level 6 in Invocations
 56800 | Zot:2    | Reached skill level 21 in Shields
 57071 | Zot:4    | Reached skill level 25 in Fighting
 57132 | Zot:5    | Entered Level 5 of the Realm of Zot
 57422 | Zot:5    | Noticed an orb of fire
 57423 | Zot:5    | Gained mutation: You expend magic power (3 MP) to strengthen your wands. [an orb of fire]
 57449 | Zot:5    | Killed an orb of fire
 57449 | Zot:5    | Reached skill level 9 in Invocations
 57512 | Zot:5    | Noticed an ancient lich
 57512 | Zot:5    | Found a shadowy altar of Dithmenos.
 57547 | Zot:5    | Killed an ancient lich
 57548 | Zot:5    | Noticed an ancient lich
 57560 | Zot:5    | Killed an ancient lich
 57885 | Zot:5    | Reached XP level 25. HP: 233/250 MP: 30/30
 57966 | Zot:5    | Noticed an orb of fire
 58018 | Zot:5    | Noticed a Killer Klown
 58025 | Zot:5    | Gained mutation: You are frail. (-10% HP) [an orb of fire]
 58028 | Zot:5    | Killed an orb of fire
 58034 | Zot:5    | Killed a Killer Klown
 58123 | Zot:5    | Reached skill level 12 in Invocations
 58405 | Zot:5    | Reached skill level 12 in Dodging
 58405 | Zot:5    | Gained Marbork as an ally
 58417 | Zot:5    | Noticed a Killer Klown
 58418 | Zot:5    | Noticed a Killer Klown
 58433 | Zot:5    | Noticed a Killer Klown
 58441 | Zot:5    | Reached skill level 26 in Fighting
 58453 | Zot:5    | Killed a Killer Klown
 58454 | Zot:5    | Noticed an orb of fire
 58458 | Zot:5    | Gained mutation: You are dopey. (Int -2) [an orb of fire]
 58462 | Zot:5    | Gained mutation: Your spells are a little easier to cast, but a little less powerful. [an orb of fire]
 58466 | Zot:5    | Gained mutation: You are very frail. (-20% HP) [an orb of fire]
 58468 | Zot:5    | Killed a Killer Klown
 58469 | Zot:5    | Killed an orb of fire
 58480 | Zot:5    | Killed a Killer Klown
 58586 | Zot:5    | Noticed an orb of fire
 58586 | Zot:5    | Gained mutation: You tend to lose your temper in combat. [an orb of fire]
 58587 | Zot:5    | Noticed a Killer Klown
 58591 | Zot:5    | Gained mutation: You are very dopey. (Int -4) [an orb of fire]
 58592 | Zot:5    | Gained mutation: You are weak. (Str -2) [an orb of fire]
 58600 | Zot:5    | Gained mutation: Your body sometimes deteriorates upon taking damage. [an orb of fire]
 58603 | Zot:5    | Killed an orb of fire
 58612 | Zot:5    | Killed a Killer Klown
 58613 | Zot:5    | Lost mutation: Your spells are a little easier to cast, but a little less powerful. [potion of mutation]
 58613 | Zot:5    | Lost mutation: You are very dopey. (Int -4) [potion of mutation]
 58613 | Zot:5    | Gained mutation: You are partially covered in yellow scales. (AC +2) [potion of mutation]
 58613 | Zot:5    | Gained mutation: Your movements are slightly less encumbered by armour. (ER -2) [potion of mutation]
 58614 | Zot:5    | Lost mutation: You are dopey. (Int -2) [potion of mutation]
 58614 | Zot:5    | Lost mutation: You are weak. (Str -2) [potion of mutation]
 58614 | Zot:5    | Gained mutation: You are extremely frail. (-30% HP) [potion of mutation]
 58614 | Zot:5    | Gained mutation: You can translocate small distances at will. [potion of mutation]
 58615 | Zot:5    | Lost mutation: You expend magic power (3 MP) to strengthen your wands. [potion of mutation]
 58615 | Zot:5    | Lost mutation: You tend to lose your temper in combat. [potion of mutation]
 58615 | Zot:5    | Lost mutation: Your movements are slightly less encumbered by armour. (ER -2) [potion of mutation]
 58615 | Zot:5    | Gained mutation: You are occasionally teleported next to monsters. [potion of mutation]
 58615 | Zot:5    | Lost mutation: You are partially covered in yellow scales. (AC +2) [potion of mutation]
 58615 | Zot:5    | Lost mutation: You are extremely frail. (-30% HP) [potion of mutation]
 58615 | Zot:5    | Gained mutation: You possess an exceptional clarity of mind. [potion of mutation]
 58616 | Zot:5    | Lost mutation: You are very frail. (-20% HP) [potion of mutation]
 58616 | Zot:5    | Lost mutation: You are frail. (-10% HP) [potion of mutation]
 58616 | Zot:5    | Gained mutation: Your system is resistant to poisons. (rPois) [potion of mutation]
 58616 | Zot:5    | Gained mutation: Armour fits poorly on your strangely shaped body. [potion of mutation]
 58616 | Zot:5    | Gained mutation: You are partially covered in icy blue scales. (AC +2) [potion of mutation]
 58617 | Zot:5    | Lost mutation: You possess an exceptional clarity of mind. [potion of mutation]
 58617 | Zot:5    | Lost mutation: Your system is resistant to poisons. (rPois) [potion of mutation]
 58617 | Zot:5    | Lost mutation: Your body sometimes deteriorates upon taking damage. [potion of mutation]
 58617 | Zot:5    | Lost mutation: Armour fits poorly on your strangely shaped body. [potion of mutation]
 58617 | Zot:5    | Gained mutation: Your flesh is cold resistant. (rC+) [potion of mutation]
 58617 | Zot:5    | Lost mutation: You are occasionally teleported next to monsters. [potion of mutation]
 58617 | Zot:5    | Gained mutation: You have large cloven feet. [potion of mutation]
 58631 | Zot:5    | Noticed an orb of fire
 58637 | Zot:5    | Killed an orb of fire
 58761 | Zot:5    | Noticed a Killer Klown
 58770 | Zot:5    | Killed a Killer Klown
 58797 | Zot:5    | Your ally Marbork died
 58872 | Zot:5    | Gained Grimold as an ally
 58883 | Zot:5    | Got the Orb of Zot
 58906 | Zot:5    | Your ally Bogrim died
 58907 | Zot:5    | Your ally Orgrim died
 58916 | Zot:5    | Your ally Grimold died
 58923 | Zot:5    | Reached XP level 26. HP: 243/262 MP: 32/32
 58996 | Zot:5    | Noticed an ancient lich
 59009 | Zot:3    | Noticed Lixtyll the pandemonium lord
 59019 | Zot:3    | Killed Lixtyll the pandemonium lord
 59109 | Depths:5 | Noticed Itazocips the pandemonium lord
 59112 | Depths:5 | Gained Orkrul as an ally
 59114 | Depths:5 | Killed Itazocips the pandemonium lord
 59296 | D:13     | Gained mutation: Your magical capacity is low. (-10% MP) [a neqoxec]
 59342 | D:10     | Noticed Qoquko the pandemonium lord
 59478 | D:1      | Noticed Enojugeq the pandemonium lord
 59496 | D:1      | Killed Enojugeq the pandemonium lord
 59500 | D:1      | Your ally Dorog died
 59505 | D:$      | Escaped with the Orb!

Skill      XL: |  1  2  3  4  5  6  7  8  9 10 11 12 13 14 15 16 17 18 19 20 21 22 23 24 25 26 |
---------------+-------------------------------------------------------------------------------+-----
Fighting       | 2 3 4 5 6 7 9 10 11 13 15 17 18 19 20 21 22 23 24 25 26 | 26.9
Axes           | 3 6 9 11 13 15 16 18 | 18.0
Armour         | 2 4 6 8 9 11 13 14 15 17 18 19 20 21 22 | 22.0
Shields        | 5 8 10 13 15 17 18 19 20 21 22 23 | 23.2
Invocations    | 3 5 10 12 | 12.2
Dodging        | 4 7 8 10 11 12 | 12.0
Evocations     | 1 5 |  5.0
Unarmed Combat | |  3.2
Spellcasting   | |  1.5
Transmutations | |  1.3

Action                   |  1- 3 |  4- 6 |  7- 9 | 10-12 | 13-15 | 16-18 | 19-21 | 22-24 | 25-27 || total
-------------------------+-------+-------+-------+-------+-------+-------+-------+-------+-------++-------
Melee: Unarmed           |   150 |   169 |       |       |       |       |       |     4 |       ||   323
       Kick              |     5 |       |       |       |       |       |       |       |       ||     5
       Punch             |     1 |     4 |     2 |     1 |       |       |       |       |       ||     8
       Headbutt          |     7 |     1 |       |       |       |       |       |       |       ||     8
       War axe           |       |    81 |   224 |   548 |  1142 |   259 |       |       |       ||  2254
       Trident           |       |       |       |    24 |       |       |       |       |       ||    24
       Whip              |       |       |       |     4 |    23 |   127 |       |       |       ||   154
       Broad axe         |       |       |       |       |       |   892 |   921 |  1020 |   355 ||  3188
 Fire: Hunting sling     |       |    66 |    13 |    27 |       |       |       |       |       ||   106
       Shortbow          |       |       |    30 |       |       |       |       |       |       ||    30
Throw: Stone             |       |     1 |    22 |    13 |       |       |       |       |       ||    36
       Tomahawk          |       |       |     5 |     1 |       |       |       |       |       ||     6
 Cast: Beastly Appendage |    12 |     4 |       |       |       |       |       |       |       ||    16
       Sticks to Snakes  |       |     3 |       |       |       |       |       |       |       ||     3
       Blink             |       |       |       |       |     2 |       |       |       |       ||     2
Invok: Convert to Beogh  |       |     1 |       |       |       |       |       |       |       ||     1
       Recall Orcish Fol |       |       |       |    10 |    19 |    12 |    13 |     8 |     4 ||    66
       Give Item to Name |       |       |       |       |     6 |     6 |     3 |     3 |     2 ||    20
       Resurrection      |       |       |       |       |     1 |       |     2 |     2 |       ||     5
       Stop Recall       |       |       |       |       |     3 |     7 |     9 |     3 |       ||    22
       Smiting           |       |       |       |       |       |       |       |     1 |       ||     1
Evoke: Wand              |       |       |     1 |     6 |     3 |     3 |     2 |     7 |     6 ||    28
       Lightning rod     |       |       |       |       |       |     4 |       |       |       ||     4
  Use: Scroll            |       |       |     5 |    18 |    15 |     8 |    15 |    13 |     2 ||    76
       Potion            |       |       |     2 |     7 |     1 |     3 |     3 |     9 |    13 ||    38
 Stab: Distracted        |       |       |       |     9 |     9 |    11 |    16 |    13 |     2 ||    60
       Invisible         |       |       |       |     3 |       |       |       |       |       ||     3
       Confused          |       |       |       |       |     4 |     1 |       |       |       ||     5
       Paralysed         |       |       |       |       |       |       |     2 |       |       ||     2
  Eat: Chunk             |     2 |     9 |     7 |    14 |     6 |     1 |     1 |       |       ||    40
       Ration            |       |       |     1 |     6 |    11 |    13 |     9 |     7 |     2 ||    49
Armor: Robe              |     2 |       |       |       |       |       |       |       |       ||     2
       Ring mail         |    59 |   104 |    18 |       |       |       |       |       |       ||   181
       Chain mail        |       |       |   121 |     4 |       |       |       |       |       ||   125
       Plate armour      |       |       |       |   282 |   459 |   686 |   339 |    85 |       ||  1851
       Skin              |       |       |       |    40 |       |       |       |       |       ||    40
       Crystal plate arm |       |       |       |       |       |       |       |   432 |   146 ||   578
Dodge: Dodged            |    78 |   107 |    76 |    91 |   220 |   520 |   331 |   310 |    62 ||  1795
Block: Shield            |       |       |       |   228 |   692 |  1055 |   102 |       |       ||  2077
       Large shield      |       |       |       |       |       |       |   730 |  1004 |   408 ||  2142
